 Dungeon Crawl Stone Soup version 0.19-a0-895-gdbd5520 (webtiles) character file.

1063 sugabear the Ducker (level 8, 0/40 HPs)
             Began as a Vine Stalker Gladiator on July 4, 2016.
             Was a Follower of Uskayaw.
             Slain by an orc warrior
             ... wielding a +0 dire flail
              (13 damage)
             ... on level 4 of the Dungeon.
             The game lasted 00:10:19 (4603 turns).

sugabear the Ducker (Vine Stalker Gladiator)        Turns: 4603, Time: 00:10:19

Health: 0/40       AC:  8    Str: 20    XL:     8   Next: 27%
Magic:  0/11       EV: 13    Int:  8    God:    Uskayaw [*.....]
Gold:   152        SH:  0    Dex: 15    Spells: 0 memorised, 7 levels left

rFire  . . .     SeeInvis .     a - +0 war axe
rCold  + . .     Gourm    .     A - +1 leather armour of Leapfrog {rElec rPois}
rNeg   . . .     Faith    .     (no shield)
rPois  +         Spirit   +     c - +0 helmet
rElec  +         Dismiss  .     (no cloak)
rCorr  +         Reflect  .     r - +2 pair of gloves
SustAt .         Harm     .     (no boots)
MR     +....                    (no amulet)
Stlth  ++........               q - ring of resist corrosion
                                n - ring of protection from cold

@: drained, somewhat resistant to hostile enchantments, unstealthy
A: fangs 3, regeneration 2, magic shield, antimagic bite, no device heal 3, rot
immunity
a: Stomp, Renounce Religion


You were on level 4 of the Dungeon.
You worshipped Uskayaw.
Uskayaw was aware of your devotion.
You were not hungry.

You visited 1 branch of the dungeon, and saw 5 of its levels.
You also visited: Sewer.

You collected 152 gold pieces.

Inventory:

Hand Weapons
 a - a +0 war axe (weapon)
Armour
 b - a +0 ring mail
 c - a +0 helmet (worn)
 r - a +2 pair of gloves (worn)
 w - a +2 ring mail of magic resistance
 A - the +1 leather armour of Leapfrog (worn) {rElec rPois}
   (You found it in a sewer)

   It insulates you from electricity.
   It protects you from poison.
Jewellery
 n - a ring of protection from cold (left hand)
 q - a ring of resist corrosion (right hand)
Scrolls
 e - 4 scrolls of identify
 l - 2 scrolls of teleportation
 m - a scroll of enchant weapon {unknown}
 x - a scroll of random uselessness {unknown}
 y - a scroll of magic mapping {unknown}
 C - 2 scrolls of blinking
Potions
 i - 4 potions of curing {unknown}
 k - 3 potions of degeneration {unknown}
 o - 3 potions of brilliance {unknown}
 p - a potion of berserk rage {unknown}
 s - a potion of agility {unknown}
 t - a potion of cure mutation {unknown}
 u - 2 potions of lignification {unknown}
 v - 4 potions of heal wounds {unknown}
 z - 3 potions of might {unknown}
 B - 2 potions of flight {unknown}
Comestibles
 f - 4 bread rations
 g - a beef jerky
 h - 7 meat rations
 j - 6 fruits
 D - 2 chunks of flesh


   Skills:
 + Level 3.2(2.2) Fighting
 + Level 4.5(3.5) Axes
 + Level 2.0(1.0) Throwing
 + Level 3.4(2.4) Armour
 + Level 4.8(3.7) Dodging
 + Level 2.4(1.4) Stealth
 * Level 3.2(2.2) Invocations


You had 7 spell levels left.
You didn't know any spells.

Dungeon Overview and Level Annotations

Branches:
Dungeon (5/15)
 Temple: D:4-7

Altars:
Uskayaw
Xom
Zin


Innate Abilities, Weirdness & Mutations

You have razor-sharp teeth.
You heal very quickly.
When hurt, damage is shared between your health and your magic reserves.
Your bite disrupts and absorbs the magic of your enemies.
Potions and wands cannot restore your health.
You are immune to rotting.


Message History

The orc priest looks braver for a moment.
The orc warrior hits you with a dire flail.
You hit the orc warrior but do no damage.
The orc warrior is heavily wounded.
The orc warrior hits you with a dire flail!
* * * LOW HITPOINT WARNING * * *
Unknown command.
You hit the orc warrior but do no damage.
The orc warrior is heavily wounded.
The orc warrior barely misses you.
The orc priest casts a cantrip, but nothing happens.
You barely miss the orc warrior.
The orc warrior is heavily wounded.
The orc warrior misses you.
The orc priest looks braver for a moment.
You slash the orc warrior! Your bite misses the orc warrior.
The orc warrior is severely wounded.
The orc warrior closely misses you.
The orc warrior hits you with a dire flail!!
You die...

##.## ###.# #.#
####...###...##########.#
...........#.........##.#
...#...###.#.#######.##.#
...##......#....# #.##.#
........#######.# #.##.#
...........#....# #.##.########
.....[(###.#.#.#####...........#
......)###.#.#oo@.....#.######.#
.##.#.#(##...#.#####.##.# #.#
.....###)...##.# ##.##.# ####.##
#####.#..#.....# #...#.# #..>...
##.#.#.###.####...#.# #.##.##
#.#.....#[.........# #.##.#
#.#.....#..#.......# #.##.#
#.(........#.......# #.##.#
###.....#.####...#.# #.##.##


You could see an orc warrior and an orc priest.

Vanquished Creatures
  Grinder (D:4)
  The ghost of Lorrdernie the Poker, an amateur MfGl (D:4)
  2 big kobolds (Sewer)
  3 scorpions (D:4)
  3 orc priests
  A hound (D:5)
  2 orc wizards
  Terence (D:3)
  Ijyb (D:2)
  Robin (D:4)
  10 adders
  An ooze (D:4)
  4 worms
  5 dart slugs
  9 giant geckos
  8 orcs
  2 giant cockroaches
  23 goblins
  7 hobgoblins
  12 jackals
  5 ball pythons
  11 bats
  7 giant newts
  21 kobolds
  A quokka skeleton (D:5)
  10 rats
152 creatures vanquished.

Notes
Turn   | Place    | Note
-------+----------+-------------------------------------------
     0 | D:1      | sugabear the Vine Stalker Gladiator began the quest for the Orb.
     0 | D:1      | Reached XP level 1. HP: 11/11 MP: 2/2
    18 | D:1      | Reached XP level 2. HP: 15/15 MP: 3/3
   269 | D:1      | Reached XP level 3. HP: 18/18 MP: 4/4
   940 | D:2      | Reached XP level 4. HP: 23/23 MP: 5/5
  1004 | D:2      | Found a hide-covered altar of Uskayaw.
  1022 | D:2      | Became a worshipper of Uskayaw the Reveler
  1060 | D:2      | Reached * piety under Uskayaw
  1248 | D:2      | Reached ** piety under Uskayaw
  1294 | D:2      | Reached skill level 1 in Armour
  1349 | D:2      | Reached XP level 5. HP: 14/26 MP: 6/6
  1662 | D:2      | Noticed Ijyb
  1680 | D:2      | Killed Ijyb
  1680 | D:2      | Reached skill level 1 in Invocations
  1979 | D:3      | Noticed Terence
  1998 | D:3      | Killed Terence
  2092 | D:3      | Gained mutation: You heal very quickly. [Vine Stalker growth]
  2092 | D:3      | Reached XP level 6. HP: 14/30 MP: 2/8
  2390 | D:3      | Reached *** piety under Uskayaw
  2461 | D:3      | Found a glowing drain.
  2465 | Sewer    | Entered a sewer
  2744 | Sewer    | Reached XP level 7. HP: 26/35 MP: 7/9
  2825 | Sewer    | Got a faintly humming leather armour
  2973 | D:3      | Found a glowing silver altar of Zin.
  3307 | D:4      | Noticed Lorrdernie's ghost (amateur MfGl)
  3504 | D:4      | Identified the +1 leather armour of Leapfrog {rElec rPois} (You found it in a sewer)
  3624 | D:4      | Noticed Robin
  3642 | D:4      | Reached skill level 1 in Stealth
  3647 | D:4      | Killed Robin
  3648 | D:4      | Reached **** piety under Uskayaw
  3655 | D:4      | Reached ***** piety under Uskayaw
  3965 | D:4      | Found a shimmering altar of Xom.
  4092 | D:4      | Noticed Grinder
  4093 | D:4      | Paralysed by Grinder for 2 turns
  4110 | D:4      | Killed Grinder
  4110 | D:4      | Gained mutation: You have razor-sharp teeth. [Vine Stalker growth]
  4110 | D:4      | Reached XP level 8. HP: 32/40 MP: 11/11
  4291 | D:4      | Killed Lorrdernie's ghost
  4411 | D:5      | Entered Level 5 of the Dungeon
  4603 | D:4      | Slain by an orc warrior

Vault maps used:
D:1:      lightli_arrival_maybe_door_vault
D:2:      kennysheep_goblin_castle, eat_drink_and_be_merry_uskayaw
D:3:      marbit_many_paths, gup_sewer_entry_spiral, uniq_terence
D:4:      lemuel_crystal_altar, first_bread, uniq_robin, uniq_grinder
D:5:      amethyst_overflow_temple_binary, serial_shops, shop
Sewer:    kennysheep_pipe_town

Skill      XL: |  1  2  3  4  5  6  7 |
---------------+----------------------+-----
Axes           | 3 4 |  4.5
Dodging        | 3 4 |  4.8
Throwing       | 2 |  2.0
Armour         | 1 2 3 |  3.4
Fighting       | 2 3 |  3.2
Invocations    | 1 2 3 |  3.2
Stealth        | 2 |  2.4

Action                   |  1- 3 |  4- 6 |  7- 9 || total
-------------------------+-------+-------+-------++-------
Melee: War axe           |    65 |   244 |   187 ||   496
       Bite              |     8 |    58 |    54 ||   120
Throw: Throwing net      |       |       |     3 ||     3
Invok: Stomp             |       |     1 |     1 ||     2
  Use: Scroll            |       |     1 |     9 ||    10
 Stab: Paralysed         |       |       |     4 ||     4
       Sleeping          |       |       |     1 ||     1
  Eat: Chunk             |       |     7 |     4 ||    11
       Beef jerky        |       |       |     3 ||     3
Armor: Leather armour    |     7 |       |    35 ||    42
       Ring mail         |     8 |   140 |    35 ||   183
Dodge: Dodged            |    51 |   186 |   114 ||   351
